 Dungeon Crawl Stone Soup version 0.27-a0-1139-g28e009f8a6 (webtiles) character file.

Game seed: 4865990372900652144

10043 karkarkar the Cleaver (level 11, -1/98 (100) HPs)
             Began as a Deep Dwarf Fighter on May 6, 2021.
             Was a Believer of Makhleb.
             Slain by a boulder beetle (9 damage)
             ... on level 12 of the Dungeon on May 7, 2021.
             The game lasted 00:47:57 (10220 turns).

karkarkar the Cleaver (Deep Dwarf Fighter)         Turns: 10220, Time: 00:47:57

HP:   -1/98 (100)   AC: 20    Str: 29    XL:     11   Next: 31%
MP:   9/9           EV:  8    Int:  9    God:    Makhleb [**....]
Gold: 107           SH:  0    Dex: 13    Spells: 10/10 levels left

rFire    x . .     SeeInvis .   C - +3 halberd "Gerch" {vamp, rPois rF- Str+7}
rCold    + . .     Faith    .   (shield currently unavailable)
rNeg     . . .     Spirit   .   a - +0 plate armour
rPois    +         Reflect  .   j - +1 helmet
rElec    .         Harm     .   (no cloak)
rCorr    .         Rampage  .   q - +1 pair of gloves
Will     +....                  r - +0 pair of boots {Stlth+}
Stlth    ..........             n - amulet of magic regeneration
HPRegen  0.00/turn              B - ring of protection from fire
MPRegen  0.36/turn              c - ring of ice

@: lightly drained
A: damage resistance, heal wounds, sense surroundings 2, no regeneration
a: Heal Wounds, Renounce Religion, Minor Destruction


You were on level 12 of the Dungeon.
You worshipped Makhleb.
Makhleb was pleased with you.
You visited 2 branches of the dungeon, and saw 13 of its levels.

You collected 494 gold pieces.
You spent 387 gold pieces at shops.

Inventory:

Hand Weapons
 i - a +1 dagger of venom
 k - a +7 hand axe of flaming
 o - a +1 hand axe of venom
 y - a +1 mace of freezing
 C - the +3 halberd "Gerch" (weapon) {vamp, rPois rF- Str+7}
   (You found it on level 10 of the Dungeon)

   It inflicts no extra harm, but heals its wielder when it wounds a living foe.
   It affects your strength (+7).
   It makes you vulnerable to fire.
   It protects you from poison.
Missiles
 g - 26 poisoned darts (quivered)
Armour
 a - a +0 plate armour (worn)
 j - a +1 helmet (worn)
 q - a +1 pair of gloves (worn)
 r - a +0 pair of boots of stealth (worn)
 I - a +2 buckler of poison resistance
Jewellery
 c - a ring of ice (right hand)
 n - an amulet of magic regeneration (around neck)
 B - a ring of protection from fire (left hand)
Wands
 b - a wand of digging (8)
 v - a wand of polymorph (7)
 A - a wand of iceblast (21)
 D - a wand of flame (14)
 G - a wand of paralysis (2)
Scrolls
 m - 3 scrolls of vulnerability
 p - 3 scrolls of magic mapping
 u - a scroll of immolation
 w - a scroll of noise
 x - a scroll of silence
 z - a scroll of amnesia
 F - a scroll of fog {unknown}
Potions
 d - 3 potions of might
 e - a potion of haste
 f - 3 potions of curing
 h - a potion of attraction
 l - 4 potions of magic
 s - a potion of berserk rage
 t - 2 potions of heal wounds
 E - a potion of mutation {unknown}
 H - 2 potions of degeneration {unknown}


   Skills:
 + Level 7.1 Fighting
 + Level 11.2(11.9) Axes
 + Level 5.6(8.3) Polearms
 + Level 9.5 Armour
 + Level 1.9 Dodging
 + Level 1.2 Stealth
 + Level 8.8 Shields


You had 10 spell levels left.
You didn't know any spells.
Your spell library contained the following spells:

 Spells                   Type           Power      Damage    Failure   Level
 Shock                    Conj/Air       0%         1d3       97%         1
 Static Discharge         Conj/Air       0%         N/A       99%         2
 Swiftness                Air            0%         N/A       100%        3
 Airstrike                Air            0%         N/A       100%        4
 Lightning Bolt           Conj/Air       0%         1d11      100%        5


Dungeon Overview and Level Annotations

Branches:
Dungeon (12/15)            Temple (1/1) D:5            Lair (0/6) D:10
    Orc (0/2) D:9

Altars:
Ashenzari
Cheibriados
Dithmenos
Elyvilon
Fedhas
Gozag
Hepliaklqana
Kikubaaqudgha
Makhleb
Nemelex Xobeh
Okawaru
Qazlal
Ru
Sif Muna
Trog
Uskayaw
Vehumet
Wu Jian
Xom
Yredelemnul
Zin
The Shining One

Shops:
D:3 *   D:6 (   D:10 (   D:11 [:?

Annotations:
D:9 exclusion: oklob plant
D:11 1 runed translucent door, Pooter's ghost, journeyman MiBe


Innate Abilities, Weirdness & Mutations

You are resistant to damage.
You can heal yourself by infusing magical energy.
You passively map the area around you.
You do not regenerate.


Message History

You hit the gargoyle but do no damage.
The boulder beetle bites you but does no damage.
The gargoyle hurls a stone arrow at you.
The stone arrow hits you!!
* * * LOW HITPOINT WARNING * * *
Okay, then.
You feel much better.
The boulder beetle bites you but does no damage.
The gargoyle hurls a stone arrow at you.
The stone arrow hits you.
You feel much better. The boulder beetle bites you!
The gargoyle hits you with a +0 morningstar!
You puncture the gargoyle!
The gargoyle is moderately damaged.
The boulder beetle bites you but does no damage.
The gargoyle hits you with a +0 morningstar.
You hit the gargoyle.
The gargoyle is moderately damaged.
The boulder beetle bites you but does no damage.
The gargoyle hits you with a +0 morningstar.
You hit the gargoyle.
The gargoyle is heavily damaged.
The boulder beetle bites you but does no damage.
The gargoyle hits you but does no damage.
You hit the gargoyle.
The gargoyle is heavily damaged.
The boulder beetle bites you but does no damage.
The gargoyle hurls a stone arrow at you.
The stone arrow hits you!! The boulder beetle bites you!
* * * LOW HITPOINT WARNING * * *
You hit the gargoyle.
The gargoyle is severely damaged.
The gargoyle hits you but does no damage.
The boulder beetle bites you!!
* * * LOW HITPOINT WARNING * * *
You fail to use your ability.
The gargoyle hits you but does no damage.
The boulder beetle waves its antennae.
The boulder beetle bites you!
You die...

, * , , , ,,,,, ,
#.........., , ,
,,#..........,* * , ,,
#.......... ,, ,
,,#.......8.. , ,, ,
#.......... , #....^.....
* #.B........ +
#######@9........,
##########.(^..##'##......
* #..................+
.....,
#..................# ....,
#..................#, ,...
* #..................#,
**## #..................#
* * * ##########.....#+###
,, .....#####......... ,


You could see a boulder beetle and a gargoyle.

Vanquished Creatures
  A boulder beetle (D:11)
  A two-headed ogre (D:11)
  A black mamba (shapeshifter) (D:10)
  2 unseen horrors
  A kobold demonologist (D:10)
  2 hornets
  A shadow (D:11)
  A vampire (D:11)
  Grum (D:10)
  5 yaks
  2 wyverns
  A steam dragon (D:6)
  5 water moccasins
  2 black bears
  3 sky beasts
  3 ice beasts
  A necrophage (D:6)
  2 orc warriors (D:8)
  3 ogres
  7 centaurs
  3 wolves (D:10)
  A phantom (D:6)
  2 kobold brigands
  5 bullfrogs
  2 scorpions
  A wyvern skeleton (D:7)
  5 killer bees (D:9)
  11 wights
  5 howler monkeys
  3 centaur zombies
  4 orc priests
  2 hounds
  A bullfrog skeleton (D:5)
  A centaur skeleton (D:4)
  A gnoll shaman (D:5)
  A jelly (D:7)
  5 iguanas
  Jessica (D:2)
  14 orc wizards
  A scorpion zombie (D:5)
  Terence (D:2)
  A killer bee zombie (D:7)
  2 hound zombies (D:5)
  A hound skeleton (D:4)
  A howler monkey zombie (D:6)
  Robin (D:2)
  3 gnolls (D:5)
  6 adders
  3 ufetubi
  An adder skeleton (D:4)
  2 worms (D:2)
  3 dart slugs
  21 orcs
  3 ball pythons
  10 endoplasms
  5 giant cockroaches
  11 goblins
  7 hobgoblins
  4 jackals (D:2)
  16 kobolds
  2 quokkas
  6 bats
  2 frilled lizards
  8 rats
234 creatures vanquished.

Vanquished Creatures (others)
  A vampire (D:11)
  11 fungi (D:10)
  9 plants (D:10)
21 creatures vanquished.

Grand Total: 255 creatures vanquished

Notes
Turn   | Place    | Note
-------+----------+-------------------------------------------
     0 | D:1      | karkarkar the Deep Dwarf Fighter began the quest for the
                  | Orb.
     0 | D:1      | Reached XP level 1. HP: 20/20 MP: 1/1
   189 | D:1      | Reached XP level 2. HP: 17/27 MP: 2/2
   566 | D:1      | Found a faded altar of an unknown god.
   735 | D:2      | Noticed Robin
   737 | D:2      | Reached XP level 3. HP: 14/33 MP: 3/3
   745 | D:2      | Reached skill level 3 in Axes
   756 | D:2      | Killed Robin
   875 | D:2      | Reached XP level 4. HP: 40/40 MP: 4/4
   879 | D:2      | Found a broken altar of Ashenzari.
  1165 | D:2      | Noticed Terence
  1180 | D:2      | Killed Terence
  1197 | D:2      | Noticed Jessica
  1206 | D:2      | Killed Jessica
  1207 | D:2      | Reached skill level 4 in Axes
  1207 | D:2      | Reached XP level 5. HP: 44/49 MP: 5/5
  1656 | D:3      | Found Ynaekoje's Assorted Antiques.
  2290 | D:3      | Bought a small diamond amulet for 125 gold pieces
  2606 | D:4      | Reached XP level 6. HP: 31/56 MP: 6/6
  2765 | D:4      | Reached skill level 1 in Dodging
  2790 | D:4      | Reached skill level 5 in Axes
  2833 | D:4      | Found a broken altar of Ashenzari.
  2863 | D:4      | Found a sparkling altar of Nemelex Xobeh.
  2864 | D:4      | Found an opulent altar of Gozag.
  3011 | D:5      | Entered Level 5 of the Dungeon
  3047 | D:5      | Reached skill level 5 in Shields
  3053 | D:5      | Found a radiant altar of Vehumet.
  3176 | D:5      | Reached XP level 7. HP: 32/62 MP: 6/6
  3337 | D:5      | Reached skill level 6 in Axes
  3468 | D:5      | Reached skill level 5 in Armour
  3797 | D:5      | Found a staircase to the Ecumenical Temple.
  3806 | Temple   | Entered the Ecumenical Temple
  3878 | Temple   | Became a worshipper of Makhleb the Destroyer
  4025 | D:6      | Noticed a steam dragon
  4057 | D:6      | Killed a steam dragon
  4058 | D:6      | Reached skill level 7 in Axes
  4058 | D:6      | Reached skill level 1 in Stealth
  4058 | D:6      | Reached XP level 8. HP: 39/72 MP: 7/7
  4168 | D:6      | Found Gowk's Antique Weapon Boutique.
  4507 | D:6      | Reached skill level 8 in Axes
  4642 | D:6      | Found a sacrificial altar of Ru.
  4904 | D:7      | Found a basalt altar of Yredelemnul.
  5029 | D:7      | Found a white marble altar of Elyvilon.
  5036 | D:7      | Found a snail-covered altar of Cheibriados.
  5036 | D:7      | Found a hazy altar of Hepliaklqana.
  5052 | D:7      | Found an iron altar of Okawaru.
  5053 | D:7      | Found a hide-covered altar of Uskayaw.
  5324 | D:7      | Gained mutation: You passively map the area around you.
                  | [Deep Dwarf growth]
  5324 | D:7      | Reached XP level 9. HP: 49/80 MP: 8/8
  5337 | D:7      | Reached skill level 5 in Fighting
  5752 | D:5      | You fall into a shaft and drop 3 floors!
  5766 | D:8      | Reached skill level 9 in Axes
  6002 | D:8      | Reached * piety under Makhleb
  6053 | D:8      | Reached skill level 10 in Axes
  7383 | D:9      | Reached XP level 10. HP: 89/91 MP: 9/9
  7535 | D:9      | Reached ** piety under Makhleb
  7767 | D:9      | Found a staircase to the Orcish Mines.
  7895 | D:9      | Found a blossoming altar of Fedhas.
  7917 | D:9      | Noticed an oklob plant
  8218 | D:10     | Entered Level 10 of the Dungeon
  8235 | D:10     | Noticed a black mamba
  8235 | D:10     | a polar bear changed into a black mamba
  8238 | D:10     | Killed a black mamba
  8239 | D:10     | Reached skill level 11 in Axes
  8259 | D:10     | Found Vum Zais's Weapon Shop.
  8275 | D:10     | Upgraded the game from 0.27-a0-1137-g3ef0f4ec91 to
                  | 0.27-a0-1139-g28e009f8a6
  8317 | D:10     | Found a stormy altar of Qazlal.
  8329 | D:10     | Identified the +3 halberd "Gerch" {vamp, rPois rF- Str+7}
  8502 | D:10     | Reached skill level 1 in Polearms
  8526 | D:10     | Found a staircase to the Lair.
  8835 | D:10     | Noticed Grum
  8865 | D:10     | Killed Grum
  9242 | D:11     | Found Cuxt's Antique Armour Emporium.
  9259 | D:11     | Bought a runed buckler for 262 gold pieces
  9275 | D:11     | Noticed Pooter's ghost (journeyman MiBe)
  9276 | D:11     | Noticed a lich
  9277 | D:11     | Noticed a yaktaur captain
  9277 | D:11     | Noticed a death drake
  9277 | D:11     | Noticed a necromancer
  9277 | D:11     | Noticed a centaur warrior
  9278 | D:11     | a death drake changed into a swamp worm
  9279 | D:11     | Noticed a skeletal warrior
  9335 | D:11     | Noticed a two-headed ogre
  9347 | D:11     | Killed a two-headed ogre
  9348 | D:11     | Reached XP level 11. HP: 24/99 MP: 10/10
  9444 | D:11     | Noticed a boulder beetle
  9469 | D:11     | Killed a boulder beetle
  9562 | D:11     | Reached skill level 5 in Polearms
  9870 | D:11     | Found a runed translucent door.
  9871 | D:11     | Found a runed translucent door.
 10019 | D:11     | Found Fetorie's Magic Scroll Shoppe.
 10069 | D:11     | Found Faqicuen's Book Shop.
 10200 | D:12     | Noticed a boulder beetle
 10220 | D:12     | Slain by a boulder beetle

Illustrated notes

Levels and vault maps discovered:
D:1:      co_arrival_square_in_a_square_in_a_square, layout_basic,
          ebering_ecumenical_altar_mist, minmay_heptomino_h4
D:2:      layout_loops_ring, basic_altar, uniq_jessica, uniq_robin, uniq_terence
D:3:      layout_loops_ring, serial_shops, shop, nicolae_underground_beach
D:4:      layout_loops_cross, grunt_temple_overflow_opulence, ashenzari_altar_1
D:5:      layout_basic, vehumet_crystals, minmay_temple_entry_poolview
D:6:      minmay_evil_eye, layout_loops_ring, lemuel_tele_altar, serial_shops,
          shop_statue
D:7:      layout_basic, kennysheep_little_box, minitemple
D:8:      layout_layer_cave, grunt_decor_arrowhead, bh_walls_and_bars
D:9:      layout_long_grid, tgw_fedhas, orc_0_dummy
D:10:     layout_long_grid, lemuel_crystal_altar, due_lair_maze_entry_diamond,
          serial_shops, nicolae_shop_statue_plus, serial_bayou_crossing,
          uniq_grum
D:11:     layout_irregular_city, muffindrake_ghost_dual_entry, serial_shops,
          shop, nicolae_shop_trees, shop, corner_web_ring
D:12:     layout_stronghold, serial_column_ruins, column_ruins_columns_T,
          column_ruins_corridor_straight, column_ruins_grid_3,
          column_ruins_grid_1, column_ruins_open_tiny
Temple:   jpeg_temple_island

Skill      XL: |  1  2  3  4  5  6  7  8  9 10 11 |
---------------+----------------------------------+-----
Axes           | 3 4 5 7 8 10 11 | 11.2
Shields        | 4 5 6 7 8 |  8.8
Fighting       | 3 4 5 6 7 |  7.1
Armour         | 4 5 6 8 9 |  9.5
Dodging        | 1 |  1.9
Stealth        | 1 |  1.2
Polearms       | 4 5 |  5.6

Action                   |  1- 3 |  4- 6 |  7- 9 | 10-12 || total
-------------------------+-------+-------+-------+-------++-------
Melee: War axe           |   101 |    47 |       |       ||   148
       Hand axe          |       |   109 |   288 |    98 ||   495
       Halberd           |       |       |       |   222 ||   222
Throw: Dart              |       |       |       |     1 ||     1
 Abil: Heal Wounds       |     2 |     2 |     6 |     7 ||    17
  Use: Scroll            |       |     5 |     5 |     3 ||    13
       Potion            |       |     1 |     1 |     2 ||     4
Armor: Scale mail        |    59 |    20 |       |       ||    79
       Plate armour      |       |    67 |   147 |   360 ||   574
Dodge: Dodged            |    39 |    33 |    42 |   138 ||   252
Block: Kite shield       |    70 |    78 |   133 |    59 ||   340

Table legend: (Time is in decaauts)
 A = Elapsed time spent in this place.
 B = Non-inter-level travel time spent in this place.
 C = Inter-level travel time spent in this place.
 D = Time resting spent in this place.
 E = Time spent auto-exploring this place.
 F = Levels seen in this place.
 G = Mean time per level.
                   A        B        C        D        E       F      G
               +--------+--------+--------+--------+--------+-----+--------+
         Total |  10371 |  10160 |    211 |      0 |   5972 |  13 |  797.8 |
       Dungeon |  10252 |  10041 |    211 |      0 |   5940 |  12 |  854.3 |
        Temple |    119 |    119 |      0 |      0 |     32 |   1 |  119.0 |
               +--------+--------+--------+--------+--------+-----+--------+

Top non-repeatable levels by time:
     D:8: 1542 daAuts
     D:5: 1038 daAuts
     D:6: 1019 daAuts
    D:10: 988 daAuts
    D:11: 962 daAuts
     D:2: 918 daAuts
     D:9: 913 daAuts
     D:3: 766 daAuts
     D:1: 718 daAuts
     D:4: 695 daAuts
     D:7: 609 daAuts
  Temple: 119 daAuts
    D:12: 80 daAuts
